Map: Frozen Temple

Players

llllllllllll - Winner!

  • Race: Protoss Protoss
  • League: Diamond

AceofSpadez

  • Race: Terran Terran
  • League: Diamond

VOD

Have the link to the VOD?

Description

Time

  • Played on: July 25, 2016, 9:13 p.m.
  • Length: 12:56
Show
View Real Time Build Order
Export as new Build Order

llllllllllll Protoss - Winner!

Build Orders: 1 Gate Expand, Oracle Opening 

Get SALT Encoding   

  12  0:01  Probe (Chrono Boost)  
  13  0:12  Probe (Chrono Boost)  
  14  0:19  Pylon  
  14  0:26  Probe (Chrono Boost)  
  15  0:39  Gateway  
  15  0:42  Probe (Chrono Boost)  
  16  0:45  Assimilator  
  16  0:52  Probe (Chrono Boost)  
  17  1:03  Probe (Chrono Boost)  
  18  1:13  Probe (Chrono Boost)  
  19  1:24  Probe (Chrono Boost)  
  20  1:26  Cybernetics Core  
  20  1:40  Nexus  
  20  1:48  Probe (Chrono Boost)  
  20  1:52  Pylon  
  22  2:05  Mothership Core (Chrono Boost)  
  22  2:07  Assimilator  
  23  2:10  Stalker  
  25  2:31  Probe (Chrono Boost)  
  26  2:41  Nexus  
  26  2:53  Stargate  
  26  2:56  Probe (Chrono Boost)  
  27  3:05  Probe (Chrono Boost)  
  28  3:07  Probe (Chrono Boost)  
  29  3:24  Stargate  
  29  3:29  Probe (Chrono Boost), Forge  
  30  3:36  Pylon  
  30  3:38  Oracle  
  30  3:40  Probe (Chrono Boost)  
  34  3:48  Assimilator  
  34  3:50  Probe (Chrono Boost)  
  34  3:53  Assimilator  
  35  3:58  Probe (Chrono Boost)  
  35  4:01  Probe (Chrono Boost)  
  37  4:06  Photon Cannon  
  37  4:07  Photon Cannon  
  37  4:10  Oracle  
  38  4:25  Photon Cannon  
  38  4:34  Oracle  
  38  4:41  Probe (Chrono Boost)  
  38  4:44  Pylon  
  42  4:51  Probe (Chrono Boost)  
  43  5:02  Probe (Chrono Boost)  
  43  5:05  Photon Cannon  
  43  5:06  Pylon  
  44  5:12  Probe (Chrono Boost)  
  44  5:19  Void Ray  
  44  5:23  Probe (Chrono Boost)  
  49  5:34  Probe (Chrono Boost)  
  50  5:44  Probe (Chrono Boost)  
  51  5:55  Probe (Chrono Boost)  
  52  5:59  Pylon  
  52  6:04  Pylon  
  52  6:05  Probe (Chrono Boost)  
  52  6:06  Pylon  
  53  6:16  Probe (Chrono Boost)  
  53  6:17  Void Ray  
  55  6:26  Probe (Chrono Boost)  
  55  6:27  Void Ray  
  56  6:37  Probe (Chrono Boost)  
  56  6:39  Probe (Chrono Boost)  
  62  6:47  Probe (Chrono Boost)  
  62  6:51  Probe (Chrono Boost)  
  64  6:58  Probe (Chrono Boost)  
  64  7:00  Void Ray  
  69  7:03  Probe (Chrono Boost)  
  69  7:04  Void Ray  
  67  7:10  Stargate, Probe (Chrono Boost)  
  72  7:20  Nexus  
  72  7:21  Probe (Chrono Boost)  
  73  7:29  Pylon  
  73  7:31  Probe (Chrono Boost)  
  74  7:40  Pylon  
  74  7:44  Void Ray  
  66  7:58  Void Ray  
  66  8:00  Photon Cannon  
  66  8:09  Pylon  
  67  8:13  Probe (Chrono Boost)  
  67  8:14  Pylon  
  67  8:27  Void Ray  
  67  8:33  Void Ray  
  60  8:41  Void Ray  
  59  8:43  Pylon  
  59  8:47  Probe (Chrono Boost)  
  60  8:49  Probe (Chrono Boost)  
  62  8:56  Probe (Chrono Boost)  
  62  8:58  Probe (Chrono Boost)  
  62  9:00  Probe (Chrono Boost)  
  64  9:04  Void Ray  
  64  9:08  Probe x2 (Chrono Boost)  
  66  9:10  Probe (Chrono Boost)  
  71  9:19  Probe (Chrono Boost)  
  71  9:20  Void Ray, Probe (Chrono Boost)  
  71  9:23  Void Ray  
  78  9:28  Probe (Chrono Boost)  
  78  9:30  Probe (Chrono Boost)  
  82  9:31  Assimilator  
  82  9:33  Assimilator  
  82  9:34  Mothership Core (Chrono Boost)  
  82  9:39  Probe (Chrono Boost)  
  82  9:40  Probe (Chrono Boost)  
  84  9:47  Pylon  
  84  9:48  Pylon  
  84  9:49  Void Ray, Probe (Chrono Boost)  
  84  9:50  Pylon  
  89  10:03  Void Ray  
  93  10:08  Pylon  
  93  10:19  Void Ray  
  98  10:22  Probe (Chrono Boost)  
  98  10:30  Void Ray  
  98  10:34  Probe (Chrono Boost)  
  99  10:39  Pylon  
  103  10:44  Forge  
  103  10:46  Probe (Chrono Boost)  
  105  10:58  Probe (Chrono Boost)  
  103  11:09  Void Ray  
  99  11:15  Void Ray x2  
  87  11:30  Pylon  
  79  11:35  Pylon  
  81  11:41  Mothership Core (Chrono Boost)  
  81  11:47  Void Ray  
  81  11:53  Photon Cannon  
  81  11:56  Photon Cannon  
  81  11:58  Void Ray, Photon Cannon  
  81  12:01  Probe (Chrono Boost)  
  84  12:12  Probe (Chrono Boost)  
  84  12:13  Probe (Chrono Boost)  
  87  12:15  Probe (Chrono Boost)  
  87  12:22  Probe (Chrono Boost)  
  88  12:26  Probe (Chrono Boost)  
  88  12:33  Probe (Chrono Boost)  
  75  12:43  Probe (Chrono Boost)  
Show
View Real Time Build Order
Export as new Build Order

AceofSpadez Terran 

Build Orders: 1/1/1, Liberator Opening 

Get SALT Encoding   

  12  0:00  SCV  
  13  0:13  SCV  
  14  0:17  Supply Depot  
  14  0:25  SCV  
  15  0:28  Refinery  
  15  0:39  SCV  
  16  0:45  Barracks  
  16  0:51  SCV  
  17  1:04  SCV  
  18  1:16  SCV  
  19  1:31  Refinery  
  19  1:32  Orbital Command  
  19  1:33  Marine  
  19  1:34  Factory  
  20  1:41  Supply Depot  
  20  1:51  Marine  
  21  1:57  SCV  
  22  2:10  SCV  
  23  2:15  Barracks Reactor  
  23  2:18  Factory Tech Lab  
  23  2:21  Starport  
  23  2:23  SCV  
  24  2:35  SCV  
  25  2:38  Siege Tank  
  25  2:41  Supply Depot  
  28  2:47  SCV  
  29  2:51  Marine  
  29  2:52  Marine  
  31  3:02  Medivac  
  31  3:04  SCV  
  31  3:05  Supply Depot  
  34  3:09  Marine x2  
  36  3:16  SCV  
  37  3:26  Siege Tank  
  40  3:28  Supply Depot  
  40  3:29  Marine  
  40  3:30  Marine  
  40  3:31  Liberator  
  42  3:47  Marine x2  
  47  4:04  Command Center  
  47  4:09  Marine x2  
  49  4:14  Liberator  
  49  4:23  SCV  
  49  4:27  Marine x2  
  53  4:50  Marine x2  
  55  4:56  Supply Depot  
  55  4:58  Supply Depot  
  55  5:09  Marine  
  55  5:10  Marine  
  55  5:13  Liberator  
  47  5:27  Marine  
  47  5:28  Marine  
  48  5:29  Cyclone, Engineering Bay  
  48  5:32  Orbital Command  
  52  5:45  Marine x2  
  54  5:56  Missile Turret  
  54  6:00  SCV  
  54  6:01  Siege Tank  
  54  6:02  SCV  
  54  6:03  Marine x2  
  61  6:16  Viking  
  62  6:18  Missile Turret  
  62  6:20  Marine  
  62  6:21  Marine  
  59  6:27  SCV x2  
  61  6:39  SCV  
  62  6:42  Cyclone  
  62  6:46  Viking  
  68  6:50  Terran Infantry Weapons Level 1  
  68  7:07  Marine x2  
  68  7:10  Barracks  
  68  7:12  Barracks  
  68  7:18  Viking  
  70  7:27  Marine  
  70  7:28  Marine  
  44  8:00  Marine x2  
  44  8:01  Medivac  
  44  8:02  Cyclone  
  52  8:18  Marine  
  53  8:21  Marine  
  45  8:36  Marine  
  45  8:39  Marine  
  43  8:47  Barracks Tech Lab  
  39  8:49  Barracks Tech Lab  
  39  8:50  SCV x2  
  39  8:52  Starport Reactor  
  39  8:53  Marine, Cyclone  
  43  8:57  Marine  
  41  9:13  Combat Shields  
  41  9:15  Stimpack  
  39  9:22  Terran Infantry Armor Level 1, Marine x2  
  41  9:26  Marine x2  
  41  9:29  SCV  
  44  9:38  Medivac x2  
  46  9:40  Marine x2  
  46  9:42  SCV  
  46  9:43  SCV  
  46  9:44  Marine  
  53  9:53  Armory  
  53  9:58  Engineering Bay  
  53  10:09  Marine x3  
  53  10:10  Marine  
  53  10:11  SCV x2  
  59  10:27  Marine x4  
  63  10:28  Medivac x2  
  67  10:45  Marine x4  
  58  11:03  Marine x2  
  53  11:05  Marine x2  
  28  11:20  Marine  
  28  11:21  Marine  
  28  11:23  Marine x2  
  25  11:38  Marine x2  
  27  11:40  SCV  
  27  11:41  Marine x2  
  30  11:56  Marine x2  
  30  11:58  Marine  
  30  11:59  Marine  
  34  12:09  Medivac x2  
  34  12:13  SCV x2  
  34  12:14  Marine x2  
  42  12:16  Marine  
Tags
 
Add a new tag
Caveats
  • Supply blocks, unpowered buildings, or Contaminate may cause inaccurate times.
  • Supply counts are checked every 10 seconds.